Map: Cyber Forest LE

Players

Shifter

  • Race: Terran Terran
  • League: Gold
  • Spawn Location: 11:00

Peacemaker - Winner!

  • Race: Protoss Protoss
  • League: Platinum
  • Spawn Location: 5:00

VOD

Have the link to the VOD?

Description

Do you know what pure evil is?
It isn't the probe hiding under your bed with 10 photon cannons and 14 pylons.
What if? Just what if? I built nothing but barracks and command centers?
And sent them to the four coners?
Usually I am an impatient man who cheese.
But I have a copy of Moby Dick with me that I have to finish.
If you are planning to cheese, don't even dare, you will waste even more time.
But perhaps I am bluffing and have already placed 2 barracks within the edges of your base...

Time

  • Played on: July 19, 2019, 8:50 p.m.
  • Length: 10:24
Show
View Real Time Build Order
Export as new Build Order

Shifter Terran 

Build Orders:  

Get SALT Encoding   

  12  0:47  SCV  
  13  0:53  Command Center  
  13  0:55  Supply Depot  
  13  0:59  SCV  
  15  1:11  SCV  
  15  1:22  Barracks  
  15  1:26  SCV, Supply Depot  
  16  1:40  SCV  
  17  2:09  Command Center  
  17  2:36  Command Center  
  17  3:16  Command Center  
  17  3:32  Command Center  
  17  4:09  SCV  
  18  4:12  Command Center  
  18  4:21  SCV  
  19  4:25  Barracks  
  19  4:33  SCV  
  20  4:50  Barracks  
  20  4:54  Barracks  
  20  5:01  SCV  
  21  5:19  Barracks  
  21  5:24  Barracks  
  21  5:47  Engineering Bay  
  21  5:54  SCV  
  22  6:01  Barracks  
  22  6:06  SCV  
  23  6:18  SCV  
  23  6:24  Barracks  
  24  6:30  Barracks  
  24  6:31  SCV  
  25  6:40  Barracks  
  25  6:46  SCV, Refinery  
  26  7:18  Barracks  
  26  7:19  Barracks  
  26  7:34  Bunker  
  26  7:38  Supply Depot  
  24  7:49  Barracks  
  25  8:02  SCV  
  25  8:03  Barracks  
  25  8:14  SCV  
  24  8:44  Barracks  
  24  8:46  Barracks  
Show
View Real Time Build Order
Export as new Build Order

Peacemaker Protoss - Winner!

Build Orders: Cannon Rush 

Get SALT Encoding   

  12  0:03  Probe  
  13  0:25  Pylon  
  13  0:27  Probe  
  14  0:35  Probe  
  15  0:44  Probe  
  15  0:47  Gateway  
  16  0:55  Forge  
  16  0:58  Probe  
  17  1:10  Pylon  
  17  1:15  Probe  
  17  1:17  Assimilator  
  18  1:27  Probe  
  18  1:32  Photon Cannon  
  19  1:37  Photon Cannon  
  19  1:46  Probe  
  20  1:58  Photon Cannon  
  20  2:01  Probe  
  21  2:08  Pylon  
  21  2:09  Probe  
  21  2:13  Assimilator  
  22  2:18  Probe  
  23  2:27  Cybernetics Core  
  23  2:33  Photon Cannon  
  23  2:51  Protoss Shields Level 1  
  23  3:07  Warp Gate  
  23  3:09  Nexus  
  23  3:23  Probe  
  24  3:34  Zealot, Pylon  
  26  3:36  Pylon  
  26  3:45  Twilight Council  
  26  3:47  Probe  
  27  3:57  Gateway  
  27  4:00  Probe  
  28  4:10  Gateway  
  28  4:18  Probe  
  28  4:23  Photon Cannon  
  29  4:28  Charge  
  29  4:34  Pylon  
  29  4:36  Probe  
  29  4:38  Probe  
  30  4:44  Probe  
  32  4:53  Probe  
  32  4:56  Protoss Ground Weapons Level 1  
  32  4:57  Stalker  
  32  4:59  Probe  
  36  5:04  Sentry  
  38  5:08  Stalker  
  38  5:11  Probe  
  41  5:16  Assimilator  
  41  5:26  Probe x2  
  43  5:30  Gateway  
  43  5:34  Pylon  
  43  5:42  Assimilator  
  43  5:45  Probe  
  43  5:46  Probe  
  45  5:50  Stalker  
  45  5:51  Stalker  
  49  6:08  Stalker  
  49  6:09  Blink  
  49  6:10  Probe x2  
  53  6:22  Probe x2  
  53  6:23  Zealot  
  53  6:24  Zealot  
  59  6:31  Dark Shrine  
  59  6:34  Gateway  
  59  6:47  Stalker  
  59  6:48  Stalker x3  
  67  7:02  Protoss Ground Weapons Level 2  
  67  7:03  Stargate  
  67  7:05  Pylon  
  67  7:32  Stalker x4  
  67  7:33  Stalker  
  77  7:41  Stargate  
  77  7:42  Pylon  
  77  7:45  Pylon  
  77  7:53  Pylon  
  77  8:08  Void Ray  
  81  8:15  Dark Templar  
  81  8:16  Dark Templar x3  
  89  8:38  Phoenix  
  89  8:43  Phoenix  
  91  8:50  Pylon  
  93  9:17  Phoenix x2  
Tags
 
Add a new tag
Caveats
  • Supply blocks, unpowered buildings, or Contaminate may cause inaccurate times.
  • Supply counts are checked every 10 seconds.